 Dungeon Crawl Stone Soup version 0.29-a0-323-g050149af67 (webtiles) character file.

Game seed: 17951778834561261181

20 spaghetti the Conjurer (level 2, -4/20 HPs)
             Began as a Demigod Conjurer on Apr 11, 2022.
             Slain by Natasha (8 damage)
             ... on level 2 of the Dungeon.
             The game lasted 00:01:38 (1358 turns).

spaghetti the Conjurer (Demigod Conjurer)           Turns: 1358, Time: 00:01:39

Health: -4/20      AC:  3    Str:  8    XL:     2   Next: 42%
Magic:  0/8        EV: 12    Int: 20    God:
Gold:   40         SH:  0    Dex: 12    Spells: 5/6 levels left

rFire   . . .      SeeInvis +   p - +1 whip (vamp) {mace}
rCold   . . .      Faith    .   (no shield)
rNeg    . . .      Spirit   .   a - +0 robe
rPois   .          Reflect  .   (no helmet)
rElec   .          Harm     .   (no cloak)
rCorr   .          Rampage  .   (no gloves)
Will    .....                   q - +0 pair of boots
Stlth   ++........              (no amulet)
HPRegen 0.06/turn               l - ring of see invisible
MPRegen 0.11/turn               (no ring)

@: attractive, slowed, very slow
A: high MP 1, forlorn, divine attributes
a: no special abilities


You were on level 2 of the Dungeon.
You visited 1 branch of the dungeon, and saw 2 of its levels.

You collected 40 gold pieces.


Innate Abilities, Weirdness & Mutations

You have an increased reservoir of magic. (+10% MP)
You shall have no god before yourself.
Your divine heritage dramatically boosts your attributes as you level up.


   Skills:
 - Level 1.7 Dodging
 - Level 1.7 Stealth
 + Level 2.8 Spellcasting
 - Level 3.6 Conjurations


You had 5 spell levels left.
You knew the following spells:

 Your Spells              Type           Power      Damage    Failure   Level
a - Magic Dart            Conj           68%        1d6       3%          1

Your spell library contained the following spells:

 Spells                   Type           Power      Damage    Failure   Level
 Searing Ray              Conj           34%        2d5       4%          2
 Dazzling Flash           Conj/Hex       20%        N/A       21%         3
 Blink                    Tloc           4%         N/A       22%         2
 Fulminant Prism          Conj/Hex       5%         3d7       56%         4
 Iskenderun's Mystic Bla  Conj/Tloc      10%        2d4       56%         4
 Manifold Assault         Tloc           2%         N/A       99%         5
 Storm Form               Tmut/Air       1%         N/A       100%        7

Inventory:

Hand Weapons
 d - a +0 dagger {short}
   (You took it off a goblin on level 1 of the Dungeon)
 e - a +0 whip {mace}
   (You found it on level 1 of the Dungeon)
 f - a +0 whip {mace}
   (You took it off a kobold on level 1 of the Dungeon)
 h - a +0 dagger {short}
   (You found it on level 1 of the Dungeon)
 i - a +0 dagger {short}
   (You took it off a goblin on level 1 of the Dungeon)
 p - a +1 vampiric whip (weapon) {mace}
   (You took it off a kobold on level 1 of the Dungeon)
Missiles
 g - 20 stones {throwing}
Armour
 a - a +0 robe (worn)
 q - a +0 pair of boots (worn)
   (You found it on level 1 of the Dungeon)
Jewellery
 l - a ring of see invisible (left hand)
   (You found it on level 1 of the Dungeon)
 n - a ring of resist corrosion
   (You found it on level 1 of the Dungeon)
Scrolls
 c - a scroll of fog {unknown}
 k - a scroll of magic mapping {unknown}
 o - a scroll of identify {unknown}
 r - a scroll of teleportation {unknown}
 s - a scroll of brand weapon {unknown}
 t - a scroll of holy word {unknown}
Potions
 b - a potion of magic
 m - a potion of heal wounds {unknown}

Dungeon Overview and Level Annotations

Branches:
Dungeon (2/15)

Annotations:
D:2 Natasha

##.## #.####...###
#......#.... #...###
##.#### ##.###.
########...##.
###########.............
.....5h@....######...###
############# ##.....
####.. #.... #......
#.#.... # ###.. #^. ##.


You could see Natasha and a shadow imp (summoned).


Message History

a +0 short sword {short}; a kobold corpse 😎 MP[+3]
Your mp is fully restored (8).
r - a scroll labelled UXONTUVYEZ
s - a scroll labelled KUREXIALUN
t - a scroll labelled CIMPUSEXKI Natasha, Servant of Life and Death comes into view.
Natasha hisses angrily.
Aiming: Magic Dart (safe; 3% risk of failure)
Press: ? - help, Q - select action, (/) - cycle Shift-Dir - straight line, f - Natasha
Aim: Natasha (100% to hit)
The magic dart hits Natasha but does no damage.
Natasha mumbles some strange words.
Natasha shimmers violently. 😎 MP[-1]
You lost 1 mp, and now have 7/8 mp.
Aiming: Magic Dart (safe; 3% risk of failure)
Press: ? - help, Q - select action, (/) - cycle Shift-Dir - straight line, f/p - Natasha
Aim: Natasha (100% to hit)
You miscast Magic Dart.
You are very lightly contaminated with residual magic.
Nothing appears to happen. 😎 MP[-1]
You lost 1 mp, and now have 6/8 mp.
Aiming: Magic Dart (safe; 3% risk of failure)
Press: ? - help, Q - select action, (/) - cycle Shift-Dir - straight line, f/p - Natasha
Aim: Natasha (100% to hit)
You miscast Magic Dart.
Nothing appears to happen. 😎 MP[-1]
You lost 1 mp, and now have 5/8 mp.
Aiming: Magic Dart (safe; 3% risk of failure)
Press: ? - help, Q - select action, (/) - cycle Shift-Dir - straight line, f/p - Natasha
Aim: Natasha (100% to hit)
The magic dart hits Natasha. 😎 MP[-1]
You lost 1 mp, and now have 4/8 mp.
Aiming: Magic Dart (safe; 3% risk of failure)
Press: ? - help, Q - select action, (/) - cycle Shift-Dir - straight line, f/p - Natasha
Aim: Natasha (lightly wounded, 100% to hit)
The magic dart hits Natasha but does no damage.
Natasha claws you! 😮 HP[-8] MP[-1]
You take 8 damage, and now have 12/20 hp.
MASSIVE DAMAGE!! (PAUSE)
You lost 1 mp, and now have 3/8 mp.
Aiming: Magic Dart (safe; 3% risk of failure)
Press: ? - help, Q - select action, (/) - cycle Shift-Dir - straight line, f/p - Natasha
Aim: Natasha (lightly wounded, 100% to hit)
The magic dart hits Natasha.
Natasha closely misses you. 😮 MP[-1]
You lost 1 mp, and now have 2/8 mp.
You closely miss Natasha. Natasha completely misses you.
You barely miss Natasha. Natasha barely misses you. 😮 MP[+1]
You closely miss Natasha.
Natasha howls an incantation.
Natasha shimmers violently.
Natasha claws you. 😮 HP[-1]
You take 1 damage, and now have 11/20 hp.
You miss Natasha. Natasha claws you!
* * * LOW HITPOINT WARNING * * *
Natasha barely misses you. 😱 HP[-7]
You take 7 damage, and now have 4/20 hp.
MASSIVE DAMAGE!! (PAUSE)
Aiming: Magic Dart (safe; 3% risk of failure)
Press: ? - help, Q - select action, (/) - cycle Shift-Dir - straight line, f/p - Natasha
Aim: Natasha (heavily wounded, 100% to hit)
The magic dart hits Natasha but does no damage.
Natasha casts a spell. 😱 MP[-1]
You lost 1 mp, and now have 2/8 mp.
Aiming: Magic Dart (safe; 3% risk of failure)
Press: ? - help, Q - select action, (/) - cycle Shift-Dir - straight line, f/p - Natasha
Aim: Natasha (heavily wounded, 100% to hit)
The magic dart hits Natasha but does no damage.
Natasha completely misses you. 😱 MP[-1]
You lost 1 mp, and now have 1/8 mp.
Aiming: Magic Dart (safe; 3% risk of failure)
Press: ? - help, Q - select action, (/) - cycle Shift-Dir - straight line, f/p - Natasha
Aim: Natasha (heavily wounded, 100% to hit)
The magic dart hits Natasha.
Natasha closely misses you. 😱 MP[-1]
You lost 1 mp, and now have 0/8 mp.
You closely miss Natasha.
The shadow imp disappears for a moment.
Natasha casts a spell at you.
You feel yourself slow down.
Your magical contamination has completely faded away.
Unknown command.
Unknown command.
It was a potion of attraction.
You feel attractive to monsters. Natasha claws you!
You die...

Skill      XL: |  1 |
---------------+----+-----
Spellcasting   | 2 |  2.8
Dodging        | |  1.7
Stealth        | |  1.7
Conjurations   | |  3.6

Action                   || total
-------------------------++-------
Melee: Whip              ||    10
       Unarmed           ||     2
 Cast: Magic Dart        ||    44
  Use: Potion            ||     1
Armor: Robe              ||     7
Dodge: Dodged            ||    13

Levels and vault maps discovered:
D:1:      sevenhm_arrival_forest_fort_small_3, layout_loops_ring,
          chequers_ecumenical_altar_simple
D:2:      layout_loops_ring, uniq_natasha

Notes
Turn   | Place    | Note
-------+----------+-------------------------------------------
     0 | D:1      | spaghetti the Demigod Conjurer began the quest for the Orb.
     0 | D:1      | Reached XP level 1. HP: 14/14 MP: 5/5
     0 | D:1      | magus.rc [v1.9.6]
    93 | D:1      | Reached skill level 2 in Spellcasting
   363 | D:1      | HP: 3/14 [jackal (3)]
   365 | D:1      | Reached XP level 2. HP: 5/20 MP: 0/8
   669 | D:1      | You add the spells Blink, Manifold Assault and Storm Form
                  | to your library.
  1343 | D:2      | Noticed Natasha
  1353 | D:2      | HP: 4/20 [Natasha (7)]
  1358 | D:2      | Slain by Natasha

Vanquished Creatures
  An endoplasm (D:1)
  2 goblins (D:1)
  3 hobgoblins (D:1)
  2 jackals (D:1)
  4 kobolds
  A quokka (D:1)
  2 bats (D:1)
  A frilled lizard (D:2)
  2 rats (D:1)
18 creatures vanquished.

Table legend:
 A = Non-vault XP
 B = Vault XP
 C = Vault XP percentage of total XP
 D = Non-vault monster count
 E = Vault monster count
 F = Vault count percentage of total count
                 A         B        C        D         E       F
            +---------+---------+-------+---------+---------+-------
      Total |      29 |       0 |   0.0 |      18 |       0 |   0.0
            +---------+---------+-------+---------+---------+-------
        D:1 |      27 |       0 |   0.0 |      16 |       0 |   0.0
        D:2 |       2 |       0 |   0.0 |       2 |       0 |   0.0
            +---------+---------+-------+---------+---------+-------

Illustrated notes

Table legend:
 A = Kills in this place as a percentage of kills in entire the game.
 B = Kills by you in this place as a percentage of kills by you in the entire game.
 C = Kills by friends in this place as a percentage of kills by friends in the entire game.
 D = Other kills in this place as a percentage of other kills in the entire game.
 E = Experience gained in this place as a percentage of experience gained in the entire game.
 F = Experience gained in this place divided by the number of levels of this place that you have seen.
                   A       B       C       D       E      F
               +-------+-------+-------+-------+-------+----------------------
         Total | 100.0 | 100.0 |   N/A |   N/A | 100.0 |  14.5
       Dungeon | 100.0 | 100.0 |   N/A |   N/A | 100.0 |  14.5
               +-------+-------+-------+-------+-------+----------------------

Table legend: (Time is in decaauts)
 A = Elapsed time spent in this place.
 B = Non-inter-level travel time spent in this place.
 C = Inter-level travel time spent in this place.
 D = Time resting spent in this place.
 E = Time spent auto-exploring this place.
 F = Levels seen in this place.
 G = Mean time per level.
                   A        B        C        D        E       F      G
               +--------+--------+--------+--------+--------+-----+--------+
         Total |   1357 |   1264 |     93 |    232 |    924 |   2 |  678.5 |
       Dungeon |   1357 |   1264 |     93 |    232 |    924 |   2 |  678.5 |
               +--------+--------+--------+--------+--------+-----+--------+

Top non-repeatable levels by time:
     D:1: 1267 daAuts
     D:2: 90 daAuts
